 Dungeon Crawl Stone Soup version 0.30-b1-2-g02819fbbbe (webtiles) character file.

Game seed: 2880554399488951854

89 Alarkh the Shooter (level 4, -2/32 HPs)
             Began as a Demonspawn Hexslinger on July 7, 2023.
             Killed from afar by Natasha (7 damage)
             ... with a magic dart
             ... on level 2 of the Dungeon.
             The game lasted 00:02:10 (1295 turns).

Alarkh the Shooter (Demonspawn Hexslinger)          Turns: 1295, Time: 00:02:10

Health: -2/32      AC:  4    Str: 17    XL:     4   Next: 31%
Magic:  4/5        EV: 12    Int: 16    God:
Gold:   51         SH:  0    Dex: 13    Spells: 4/5 levels left

rFire   . . .        a - +1 sling
rCold   + . .        (no shield)
rNeg    . . .        c - +0 robe
rPois   .            (no helmet)
rElec   .            (no cloak)
rCorr   .            (no gloves)
SInv    .            (no boots)
Will    .....        (no amulet)
Stlth   +            k - +6 ring of strength
HPRegen 0.25/turn    g - ring of protection from cold
MPRegen 0.09/turn

%: no passive effects
@: brilliant
A: thin metallic scales 1, powered by death 1
a: no special abilities


You were on level 2 of the Dungeon.
You visited 1 branch of the dungeon, and saw 2 of its levels.

You collected 51 gold pieces.

Inventory:

Hand Weapons
 a - a +1 sling (weapon)
Armour
 c - a +0 robe (worn)
Jewellery
 g - a ring of protection from cold (right hand)
 j - a ring of resist corrosion
 k - a +6 ring of strength (left hand)
Wands
 i - a wand of roots (8)
Scrolls
 b - a scroll of poison
 d - a scroll of enchant armour {unknown}
 e - a scroll of magic mapping {unknown}
 f - a scroll of identify {unknown}
 h - a scroll of acquirement {unknown}
 m - a scroll of fog {unknown}


   Skills:
 - Level 1.0 Fighting
 + Level 4.2 Ranged Weapons
 - Level 1.7 Dodging
 - Level 1.0 Spellcasting
 - Level 3.0 Hexes


You had 4 spell levels left.
You knew the following spells:

 Your Spells              Type           Power      Damage    Failure   Level
a - Slow                  Hex            60%        N/A       7%          1

Your spell library contained the following spells:

 Spells                   Type           Power      Damage    Failure   Level
 Tukima's Dance           Hex            15%        N/A       21%         3
 Inner Flame              Hex/Fire       8%         N/A       36%         3
 Portal Projectile        Hex/Tloc       16%        N/A       36%         3
 Cause Fear               Hex            7%         N/A       54%         4
 Passage of Golubria      Tloc           1%         N/A       92%         4
 Yara's Violent Unravell  Hex/Tmut       4%         3d4       98%         5
 Dragon Form              Tmut           0%         N/A       100%        7
 Dragon's Call            Summ           0%         N/A       100%        9


Dungeon Overview and Level Annotations

Branches:
Dungeon (2/15)

Altars:

Annotations:
D:2 Natasha


Innate Abilities, Weirdness & Mutations

You are partially covered in thin metallic scales. (AC +2)
You regenerate a little health from kills.


Message History

Natasha, Servant of Life and Death opens the door.
As you close the door, it creaks loudly!
You hear an angry hiss.
Natasha opens the door.
You close the door.
Natasha breaks down the door.
Natasha casts a spell at you. The magic dart hits you!
It's broken and can't be closed.
It's broken and can't be closed.
It's broken and can't be closed.
Aiming: Slow (safe; 7% risk of failure)
Press: ? - help, Q - select action, (/) - cycle Shift-Dir - straight line, f - Natasha
Aim: Natasha (chance to affect: 44%) Natasha resists with some effort.
You shoot a sling bullet.
The sling bullet closely misses Natasha.
Natasha claws you but does no damage.
You shoot a sling bullet. The sling bullet hits Natasha.
Natasha is lightly wounded.
Natasha claws you.
You shoot a sling bullet. The sling bullet hits Natasha.
Natasha is heavily wounded.
Natasha closely misses you.
You shoot a sling bullet. The sling bullet hits Natasha.
Natasha is severely wounded.
Natasha closely misses you. Natasha claws you.
* * * LOW HITPOINT WARNING * * *
It was a potion of brilliance.
You feel clever all of a sudden. Natasha claws you but does no damage.
You shoot a sling bullet.
The sling bullet closely misses Natasha.
Natasha wildly gestures.
Natasha's front paws start to glow.
Natasha claws you.
* * * LOW HITPOINT WARNING * * *
You shoot a sling bullet. The sling bullet barely misses Natasha.
Natasha stares at you and mumbles some strange words.
The magic dart hits you!
You die...

#.# #.# #.# #+
#.# ... #####.##
.... #......#
..... #..##..#
......####...#..#
...>..h@[.......#
......####...##.#
..... #......#
.... ###.#### ...
#.# #'# #.# #.#
#.# #.# #.#
##.##########.#


You could see Natasha.

Vanquished Creatures
  Jessica (D:2)
  Natasha (D:2)
  An adder (D:2)
  A worm (D:2)
  A dart slug (D:1)
  An endoplasm (D:1)
  2 giant cockroaches
  3 goblins (D:1)
  A hobgoblin (D:1)
  4 jackals (D:2)
  3 ball pythons
  A bat (D:1)
  4 frilled lizards
  2 kobolds
  2 rats (D:1)
28 creatures vanquished.

Notes
Turn   | Place    | Note
-------+----------+-------------------------------------------
     0 | D:1      | Alarkh the Demonspawn Hexslinger began the quest for the
                  | Orb.
     0 | D:1      | Reached XP level 1. HP: 15/15 MP: 2/2
    46 | D:1      | Reached skill level 2 in Ranged Weapons
    66 | D:1      | Found a faded altar of an unknown god.
   138 | D:1      | Gained mutation: You are partially covered in thin metallic
                  | scales. (AC +2) [demonic ancestry]
   138 | D:1      | Reached XP level 2. HP: 21/21 MP: 3/3
   788 | D:2      | Reached skill level 3 in Ranged Weapons
   826 | D:2      | Gained mutation: You regenerate a little health from kills.
                  | [demonic ancestry]
   826 | D:2      | Reached XP level 3. HP: 26/26 MP: 4/4
   876 | D:2      | Noticed Jessica
   891 | D:2      | Killed Jessica
  1203 | D:2      | Noticed Natasha
  1218 | D:2      | Killed Natasha
  1219 | D:2      | Reached skill level 4 in Ranged Weapons
  1219 | D:2      | Reached XP level 4. HP: 11/32 MP: 3/5
  1245 | D:2      | Noticed Natasha
  1295 | D:2      | Killed from afar by Natasha

Illustrated notes

Levels and vault maps discovered:
D:1:      saegor_arrival_fortress, layout_loops_ring,
          shapermc_ecumenical_altar_mp_highgroup
D:2:      layout_loops_corners, uniq_jessica, uniq_natasha

Skill      XL: |  1  2  3 |
---------------+----------+-----
Ranged Weapons | 2 3 4 |  4.2
Fighting       | |  1.0
Dodging        | |  1.7
Spellcasting   | |  1.0
Hexes          | |  3.0

Action                     |  1- 3 |  4- 6 || total
---------------------------+-------+-------++-------
   Fire: Sling             |   135 |     6 ||   141
   Cast: Slow              |     1 |     1 ||     2
    Use: Potion            |       |     1 ||     1
 Armour: Robe              |    24 |     2 ||    26
  Dodge: Dodged            |    51 |     2 ||    53
